[Event "Titled Tuesday Blitz October 5 2021"]
[White "Skuhala, Barbara"]
[Black "Gaehwiler, Gabriel"]
[WhiteFideId "14605465"]
[BlackFideId "1314530"]
[WhiteElo "2121"]
[BlackElo "2320"]
[Result "0-1"]
[Round "02"]
[TimeControl "180+1"]
[Date "2021.10.05"]
[WhiteClock "0:02:20"]
[BlackClock "0:01:40"]

1. e4 c5 2. Nf3 d6 3. d4 cxd4 4. Nxd4 Nf6 5. Nc3 a6 6. f3 e5 7. Nb3 Be6 8. Be3 Nbd7 9. Qd2 Rc8 10. O-O-O h5 11. Kb1 Be7 12. h3 h4 13. Be2 b5 14. Nd5 Bxd5 15. exd5 Nb6 16. Bxb6 Qxb6 17. f4 Ne4 18. Qc1 Nf2 19. fxe5 Nxh1 20. Rxh1 dxe5 21. Bg4 Rc4 22. Rd1 O-O 23. Qd2 Bd6 24. Qe1 Rf4 25. Nd2 f5 26. Be2 Qf2 27. c4 Qxe1 28. Rxe1 Bb4 29. Rd1 Rf2 30. c5 Rxe2 31. c6 Rxd2 32. Rxd2 Bxd2 33. d6 Bb4 34. d7 Ba5 35. Kc2 Bc7 36. Kd3 Rf6 0-1


[Site "https://www.chess.com"]

[Event "Titled Tuesday Blitz October 5 2021"]
[White "Snehal, Bhosale"]
[Black "Tristan, Leonardo"]
[WhiteFideId "5021995"]
[BlackFideId "113816"]
[WhiteElo "2103"]
[BlackElo "2404"]
[Result "0-1"]
[Round "02"]
[TimeControl "180+1"]
[Date "2021.10.05"]
[WhiteClock "0:01:22"]
[BlackClock "0:00:56"]

1. d4 d5 2. c4 e6 3. Nc3 a6 4. cxd5 exd5 5. Nf3 Nf6 6. Bg5 Be6 7. e3 Nbd7 8. Bd3 Bd6 9. O-O c6 10. Rb1 Qc7 11. b4 h6 12. Bh4 O-O 13. a4 b6 14. Qe2 a5 15. b5 c5 16. Rfc1 c4 17. Bc2 Ba3 18. Rf1 Bb4 19. Na2 Bd6 20. Nc3 Rfe8 21. Rfe1 Bg4 22. Bxf6 Nxf6 23. h3 Bh5 24. Bd1 Bg6 25. Rc1 Ba3 26. Ra1 Bb4 27. Qb2 Ne4 28. Nxd5 Qd6 29. Nxb4 Qxb4 30. Bc2 Qxb2 0-1


[Site "https://www.chess.com"]

[Event "Titled Tuesday Blitz October 5 2021"]
[White "Sorokin, Aleksey"]
[Black "Roman, Rodrigo"]
[WhiteFideId "24176460"]
[BlackFideId "3701220"]
[WhiteElo "2476"]
[BlackElo "2036"]
[Result "1-0"]
[Round "02"]
[TimeControl "180+1"]
[Date "2021.10.05"]
[WhiteClock "0:00:45"]
[BlackClock "0:00:15"]

1. d4 a6 2. c4 b5 3. cxb5 axb5 4. e4 Bb7 5. Nd2 Nf6 6. e5 Ne4 7. Nxe4 Bxe4 8. Ne2 b4 9. Ng3 Bd5 10. a3 e6 11. f3 Nc6 12. Kf2 f6 13. exf6 Qxf6 14. Be3 bxa3 15. bxa3 Bxa3 16. Qd3 Qe7 17. Bc1 Nb4 18. Qc3 Na2 19. Rxa2 Bxa2 20. Be3 Bd6 21. Ne4 O-O 22. Bd3 Bd5 23. Bg5 Qe8 24. Nxd6 cxd6 25. Rf1 Qh5 26. Be7 Rxf3+ 27. gxf3 Qxf3+ 28. Ke1 Qe3+ 29. Kd1 Ra1+ 30. Kc2 Ra2+ 31. Kb1 1-0


[Site "https://www.chess.com"]

[Event "Titled Tuesday Blitz October 5 2021"]
[White "Stribuk, Artiom"]
[Black "Atanasov, Anthony"]
[WhiteFideId "13515659"]
[BlackFideId "2623897"]
[WhiteElo "2224"]
[BlackElo "1928"]
[Result "1-0"]
[Round "02"]
[TimeControl "180+1"]
[Date "2021.10.05"]
[WhiteClock "0:00:24"]
[BlackClock "0:00:05"]

1. d4 e5 2. dxe5 Nc6 3. Nf3 Qe7 4. Bf4 Qb4+ 5. Bd2 Qxb2 6. Nc3 Bb4 7. Rb1 Qxc3 8. Bxc3 Bxc3+ 9. Nd2 Nxe5 10. e3 Nf6 11. Be2 Ne4 12. Rb3 Bxd2+ 13. Kf1 Ba5 14. Qd5 Nd2+ 15. Kg1 Nc6 16. Rb5 Bc3 17. Qd3 a6 18. Qxc3 axb5 19. Qxd2 Rxa2 20. Bxb5 O-O 21. h3 Rb2 22. Bd3 d6 23. Kh2 Be6 24. Qc3 Rb4 25. Ra1 h6 26. Be2 d5 27. Ra3 Rd8 28. Bf3 Rc4 29. Qb2 b6 30. Rc3 Ne5 31. Be2 b5 32. Bxc4 bxc4 33. Ra3 f6 34. Ra7 c5 35. Qb6 Re8 36. Qxc5 Bf7 37. Qc7 Rf8 38. f4 Ng6 39. Qd7 Nh4 40. Kg1 c3 41. Rc7 Ng6 42. Rxc3 Re8 43. Rc7 Nh8 44. Kf2 Re4 45. Rc8+ Kh7 46. Rxh8+ Kxh8 47. Qxf7 Rc4 48. Qxd5 Rxc2+ 49. Kf3 Rc8 50. g4 f5 51. gxf5 h5 52. f6 gxf6 53. Qxh5+ Kg8 54. Qg4+ Kf7 55. Qxc8 f5 56. h4 Kg7 57. h5 Kh6 58. Qh8# 1-0


[Site "https://www.chess.com"]

[Event "Titled Tuesday Blitz October 5 2021"]
[White "Swicarz, Maciej"]
[Black "Salimova, Nurgyul"]
[WhiteFideId "1113585"]
[BlackFideId "2915138"]
[WhiteElo "2130"]
[BlackElo "2071"]
[Result "1-0"]
[Round "02"]
[TimeControl "180+1"]
[Date "2021.10.05"]
[WhiteClock "0:00:35"]
[BlackClock "0:00:40"]

1. c4 e6 2. Nc3 d5 3. cxd5 exd5 4. d4 c6 5. Nf3 Bd6 6. Qc2 Ne7 7. Bg5 h6 8. Bh4 Na6 9. a3 Nc7 10. e3 Bg4 11. Bd3 Qd7 12. Bxe7 Qxe7 13. Nd2 O-O 14. Bf5 Bxf5 15. Qxf5 g6 16. Qd3 Ne6 17. O-O a5 18. Rab1 a4 19. g3 h5 20. h4 Ng7 21. Kg2 Nf5 22. Nf3 b5 23. Rfe1 b4 24. axb4 Bxb4 25. Qc2 a3 26. bxa3 Rxa3 27. Rb3 Rfa8 28. Reb1 Qxe3 29. Nxd5 Qxf3+ 30. Rxf3 Rxf3 31. Nxb4 Rxg3+ 32. fxg3 Ne3+ 33. Kf3 Nxc2 34. Nxc2 Ra2 35. Rc1 Kf8 36. Ne3 Ra6 37. Ke4 Ke7 38. Rc3 Kd6 39. Nc4+ Ke6 40. Ne5 f5+ 41. Kf4 Kd5 42. Nxg6 Kxd4 43. Rc1 c5 44. Kxf5 c4 45. Nf4 Ra5+ 46. Kg6 Ra3 47. Nxh5 c3 48. Nf4 Ra6+ 49. Kg5 Ra5+ 50. Kg4 Ra4 51. h5 Rc4 52. h6 Ke3 53. Rxc3+ Rxc3 54. Nd5+ 1-0


[Site "https://www.chess.com"]

[Event "Titled Tuesday Blitz October 5 2021"]
[White "Sychev, Klementy"]
[Black "Florescu, Codrut-Constantin"]
[WhiteFideId "4114060"]
[BlackFideId "1202200"]
[WhiteElo "2615"]
[BlackElo "2243"]
[Result "0-1"]
[Round "02"]
[TimeControl "180+1"]
[Date "2021.10.05"]
[WhiteClock "0:00:03"]
[BlackClock "0:00:06"]

1. e4 c5 2. Nf3 e6 3. Qe2 Nc6 4. g3 Nf6 5. Bg2 d5 6. exd5 Nxd5 7. O-O Be7 8. Rd1 O-O 9. d4 cxd4 10. Nxd4 Nxd4 11. Rxd4 Bf6 12. Rd1 Qb6 13. c4 Ne7 14. Nc3 Nc6 15. Be3 Nd4 16. Qd2 Rd8 17. Ne4 e5 18. c5 Qe6 19. Nxf6+ gxf6 20. Qa5 Qe7 21. Bxd4 exd4 22. Re1 Be6 23. Rad1 Rac8 24. b4 a6 25. Qb6 Qd7 26. Be4 Rc7 27. Rd2 f5 28. Bf3 Bc4 29. Qh6 d3 30. Qg5+ Kf8 31. Qf4 Be6 32. Re3 Qd4 33. Qh6+ Kg8 34. Rexd3 Qxd3 35. Qg5+ Kf8 36. Qxd8+ Qxd8 37. Rxd8+ Ke7 38. Rb8 Bc8 39. a4 Kd7 40. Kf1 a5 41. bxa5 Rxc5 42. Ra8 Kc7 43. Ke2 Rc4 44. Bd5 Rxa4 45. Bxf7 Ra3 46. Bd5 h6 47. Kd2 Ra4 48. Kc3 Ra1 49. Kd4 Rd1+ 50. Ke5 Rd2 51. f4 Rxh2 52. a6 bxa6 53. Ra7+ Kb6 54. Re7 Re2+ 55. Kd6 Rxe7 56. Kxe7 a5 57. Kf6 a4 58. Kg7 Kc5 59. Ba2 Bb7 60. Kf6 Bd5 61. Bb1 Be4 62. Ba2 a3 63. Ke5 Kb4 64. g4 Bc2 65. gxf5 Bb3 66. Bxb3 Kxb3 67. f6 a2 68. f7 a1=Q+ 69. Kf5 Qg7 70. Ke6 Qf8 71. f5 Kc4 72. f6 Kd4 0-1


[Site "https://www.chess.com"]

[Event "Titled Tuesday Blitz October 5 2021"]
[White "Tabatabaei, M. Amin"]
[Black "Weetik, Vjacheslav"]
[WhiteFideId "12521213"]
[BlackFideId "4153472"]
[WhiteElo "2555"]
[BlackElo "2469"]
[Result "1-0"]
[Round "02"]
[TimeControl "180+1"]
[Date "2021.10.05"]
[WhiteClock "0:00:39"]
[BlackClock "0:00:21"]

1. b3 d5 2. Bb2 Bg4 3. f3 Bh5 4. h4 f6 5. d4 e5 6. dxe5 Nc6 7. e6 Qd6 8. Nh3 Qg3+ 9. Nf2 Bc5 10. e3 Bxe3 11. Qe2 Nd4 12. Bxd4 Bxd4 13. c3 Bb6 14. Rh3 Qd6 15. g4 Bg6 16. h5 Bxb1 17. Rxb1 O-O-O 18. Kd2 Ne7 19. Nd3 Rhe8 20. f4 f5 21. Re1 g6 22. hxg6 Nxg6 23. gxf5 Nxf4 24. Qh2 Nxh3 25. Qxd6 Rxd6 26. Bxh3 1-0


[Site "https://www.chess.com"]

[Event "Titled Tuesday Blitz October 5 2021"]
[White "Taboas Rodriguez, Daniel"]
[Black "Bach, Ngoc Thuy Duong"]
[WhiteFideId "2208466"]
[BlackFideId "12408956"]
[WhiteElo "2429"]
[BlackElo "1896"]
[Result "1-0"]
[Round "02"]
[TimeControl "180+1"]
[Date "2021.10.05"]
[WhiteClock "0:01:49"]
[BlackClock "0:00:05"]

1. d4 d5 2. Nf3 Nf6 3. c4 c6 4. cxd5 cxd5 5. Nc3 Nc6 6. Bf4 a6 7. Rc1 e6 8. e3 Bd6 9. Bxd6 Qxd6 10. Bd3 O-O 11. O-O Re8 12. a3 h6 13. b4 e5 14. dxe5 Nxe5 15. Be2 Bf5 16. Qd4 Rad8 17. Rfd1 Nxf3+ 18. Bxf3 Be6 19. e4 Bg4 20. Nxd5 Bxf3 21. Nxf6+ Qxf6 22. Qxf6 gxf6 23. gxf3 Kg7 24. Kg2 Rxd1 25. Rxd1 Rc8 26. Rd7 Rc3 27. a4 b6 28. Rd6 Ra3 29. Rxb6 Rxa4 30. Kg3 Ra2 31. f4 Ra3+ 32. f3 Ra2 33. h4 h5 34. e5 f5 35. Rb7 Kg6 36. Rb6+ Kg7 37. Rf6 Ra4 38. Rd6 Kh7 39. Rf6 Kg7 40. Rb6 Kh7 41. Rc6 Kg7 42. Rf6 Rxb4 43. Rxa6 Rb1 44. Rf6 Rg1+ 45. Kh2 Rf1 46. Kg2 Rc1 47. Rxf5 Kg6 48. Rg5+ Kh6 49. f5 Re1 50. f4 Re2+ 51. Kf3 Rh2 52. Kg3 Re2 53. f6 Re3+ 54. Kg2 Re2+ 55. Kf3 Rh2 56. Rg7 Rxh4 57. Rxf7 Rh3+ 58. Kg2 Re3 59. Kf2 Re4 60. Kf3 Rc4 61. e6 Kg6 62. Rf8 Rc6 63. e7 1-0


[Site "https://www.chess.com"]

[Event "Titled Tuesday Blitz October 5 2021"]
[White "Tikhonov, Viacheslav"]
[Black "Maly, Alexey"]
[WhiteFideId "44196407"]
[BlackFideId "14103184"]
[WhiteElo "1773"]
[BlackElo "2294"]
[Result "1/2-1/2"]
[Round "02"]
[TimeControl "180+1"]
[Date "2021.10.05"]
[WhiteClock "0:01:35"]
[BlackClock "0:00:28"]

1. d4 d5 2. c4 dxc4 3. Nf3 Nf6 4. e3 e6 5. Bxc4 a6 6. O-O b5 7. Be2 Bb7 8. a4 b4 9. Nbd2 Nbd7 10. Nc4 c5 11. b3 Qc7 12. Bb2 Be7 13. Rc1 O-O 14. Qc2 Rfd8 15. Qb1 Rac8 16. Qa1 h6 17. h3 cxd4 18. Bxd4 Nc5 19. Qb2 Ba8 20. a5 Bxf3 21. gxf3 Rd5 22. f4 Rcd8 23. Nb6 Rf5 24. Bg4 Nxg4 25. hxg4 Rxf4 26. f3 Rfxd4 27. exd4 Rxd4 28. Qxd4 Qg3+ 29. Kh1 Qh3+ 30. Kg1 Qg3+ 31. Kh1 Qh3+ 32. Kg1 Qg3+ 1/2-1/2


[Site "https://www.chess.com"]

[Event "Titled Tuesday Blitz October 5 2021"]
[White "Timmermans, Mark"]
[Black "Seul, Georg"]
[WhiteFideId "1026399"]
[BlackFideId "4601653"]
[WhiteElo "2460"]
[BlackElo "2332"]
[Result "1-0"]
[Round "02"]
[TimeControl "180+1"]
[Date "2021.10.05"]
[WhiteClock "0:00:47"]
[BlackClock "0:00:12"]

1. b4 e5 2. Bb2 Bxb4 3. Bxe5 Nf6 4. Nc3 O-O 5. Bxf6 Qxf6 6. Nd5 Qd6 7. c4 Ba5 8. e3 c6 9. Nf4 Qh6 10. Be2 Bc7 11. Nh5 d5 12. cxd5 cxd5 13. Ng3 Nc6 14. Nf3 d4 15. O-O dxe3 16. dxe3 Be6 17. Qc2 Rac8 18. Qb2 Bb6 19. Rac1 Rfd8 20. Rfd1 Rxd1+ 21. Rxd1 Qf6 22. Qxf6 gxf6 23. Rc1 Kf8 24. a4 Ke7 25. Nh4 Ne5 26. Nhf5+ Kf8 27. Rxc8+ Bxc8 28. Nd6 Bd7 29. Bb5 Bc6 30. Kf1 Ke7 31. Nc8+ Ke6 32. Nxb6 axb6 33. Ne2 Kd5 34. Nd4 Kc5 35. Nb3+ Kb4 36. Nd4 Kc5 37. g3 Nc4 38. Ke2 Nb2 39. Kd2 Nxa4 40. Bd3 b5 41. Bxh7 b4 42. h4 Bd5 43. h5 b3 44. h6 b2 45. Bb1 Kb4 46. h7 Nc3 47. h8=Q Nxb1+ 48. Kc2 1-0


[Site "https://www.chess.com"]

[Event "Titled Tuesday Blitz October 5 2021"]
[White "Trent, Lawrence"]
[Black "Terry, Renato"]
[WhiteFideId "408638"]
[BlackFideId "3803457"]
[WhiteElo "2474"]
[BlackElo "2577"]
[Result "1-0"]
[Round "02"]
[TimeControl "180+1"]
[Date "2021.10.05"]
[WhiteClock "0:00:17"]
[BlackClock "0:00:02"]

1. d4 d5 2. Nc3 e6 3. e4 Nf6 4. Bg5 Bb4 5. e5 h6 6. Be3 Ne4 7. Ne2 c5 8. a3 Nxc3 9. Nxc3 cxd4 10. Bxd4 Be7 11. f4 Nc6 12. Bf2 g5 13. Bb5 gxf4 14. O-O Rg8 15. Qh5 Bd7 16. Qxh6 f3 17. Bg3 Nd4 18. Bd3 Qb6 19. Kh1 Qxb2 20. Na2 Nxc2 21. Bxc2 fxg2+ 22. Kxg2 Qxc2+ 23. Kh3 Bb5 24. Rf2 Qc4 25. Rc1 Qg4+ 26. Kg2 Bc6 27. Kg1 Bg5 28. Qh7 Bxc1 29. Qxf7+ Kd8 30. Nxc1 Qg6 31. Qf4 Kd7 32. Qb4 Rae8 33. Nb3 Qg4 34. Nd4 Kc8 35. Qc5 Qd1+ 36. Rf1 Qa4 37. Rc1 Rg7 38. Nb5 Kb8 39. Qd6+ Ka8 40. Rxc6 bxc6 41. Qxc6+ Kb8 42. Qxe8+ Kb7 43. Nd6+ Kb6 44. Qxa4 1-0


[Site "https://www.chess.com"]

[Event "Titled Tuesday Blitz October 5 2021"]
[White "Turayev, Shahruh"]
[Black "Babazada, Khazar"]
[WhiteFideId "14003856"]
[BlackFideId "13413554"]
[WhiteElo "2516"]
[BlackElo "2302"]
[Result "0-1"]
[Round "02"]
[TimeControl "180+1"]
[Date "2021.10.05"]
[WhiteClock "0:00:10"]
[BlackClock "0:01:12"]

1. e4 e5 2. Nc3 Nc6 3. Bc4 Bc5 4. Qg4 Kf8 5. Qf3 Nf6 6. Nge2 d6 7. h3 h5 8. d3 Nd4 9. Nxd4 exd4 10. Nd5 Nxd5 11. Bxd5 Qe7 12. Bg5 f6 13. O-O-O c6 14. Bb3 a5 15. a3 a4 16. Ba2 Bd7 17. Bd2 b5 18. g4 Be8 19. g5 Bf7 20. gxf6 Qxf6 21. Qxf6 gxf6 22. Bxf7 Kxf7 23. Rhg1 Rag8 24. Bf4 b4 25. axb4 Bxb4 26. Kb1 a3 27. c3 dxc3 28. bxc3 Bxc3 29. Ka2 Rb8 30. Rb1 Rb2+ 31. Rxb2 axb2 32. Kb3 Ra8 33. Rb1 Ra1 34. Kc2 Ke6 35. Be3 d5 36. f4 dxe4 37. dxe4 f5 38. e5 Kd5 39. Bb6 c5 40. Bc7 Bd4 41. Bb6 Ra6 42. Bd8 c4 43. Bg5 c3 44. Rd1 Kc4 45. Bf6 Ra1 46. Rb1 Rxb1 47. Kxb1 Kb3 0-1


[Site "https://www.chess.com"]

[Event "Titled Tuesday Blitz October 5 2021"]
[White "Viani Antonio Dcunha"]
[Black "Demidov, Mikhail"]
[WhiteFideId "5027330"]
[BlackFideId "4197143"]
[WhiteElo "2366"]
[BlackElo "2527"]
[Result "1-0"]
[Round "02"]
[TimeControl "180+1"]
[Date "2021.10.05"]
[WhiteClock "0:00:31"]
[BlackClock "0:00:22"]

1. e4 Nf6 2. e5 Nd5 3. d4 d6 4. Nf3 Nb6 5. h3 g6 6. Bd3 Bg7 7. O-O O-O 8. Qe2 Nc6 9. Nc3 Nb4 10. Bf4 Nxd3 11. Qxd3 dxe5 12. Bxe5 Bf5 13. Qe2 c6 14. Bxg7 Kxg7 15. Rad1 Nd5 16. Ne4 Bxe4 17. Qxe4 Nf6 18. Qe5 Qd6 19. Rfe1 Rfe8 20. c3 Rad8 21. g3 Qxe5 22. Nxe5 Nd5 23. Kg2 Nb6 24. Re2 e6 25. b3 Nd5 26. Rc1 Ne7 27. Nd3 Nf5 28. Nc5 Re7 29. a4 h5 30. a5 b6 31. Ne4 e5 32. axb6 exd4 33. bxa7 Rxa7 34. cxd4 Nxd4 35. Rd2 Re7 36. Nc5 Rd5 37. b4 Nb5 38. Rcd1 Rde5 39. Rd7 Re2 40. Kf3 Rxd7 41. Rxd7 Rb2 42. Ne6+ Kf6 43. Nd8 Rb3+ 44. Kg2 Rxb4 45. Rxf7+ Kg5 46. h4+ Kh6 47. Nxc6 Re4 48. Ne7 g5 49. hxg5+ Kxg5 50. Rf5+ Kg4 51. f3# 1-0


[Site "https://www.chess.com"]

[Event "Titled Tuesday Blitz October 5 2021"]
[White "Visakh N R"]
[Black "Mortazavi, Ali"]
[WhiteFideId "25012223"]
[BlackFideId "401323"]
[WhiteElo "2454"]
[BlackElo "2339"]
[Result "1-0"]
[Round "02"]
[TimeControl "180+1"]
[Date "2021.10.05"]
[WhiteClock "0:00:38"]
[BlackClock "0:00:05"]

1. d4 Nf6 2. c4 g6 3. Nc3 Bg7 4. e4 O-O 5. f3 d6 6. Be3 Nc6 7. Nge2 a6 8. Qd2 b5 9. cxb5 axb5 10. Nxb5 Na5 11. Nec3 Nb3 12. Qd1 Nxa1 13. Qxa1 c6 14. Na3 Ba6 15. Kf2 Qb6 16. Bxa6 Qxa6 17. Qd1 Rab8 18. Qd2 Nd7 19. Rc1 f5 20. exf5 Rxf5 21. Rc2 c5 22. Ne2 cxd4 23. Bxd4 Ne5 24. Qc3 Rbf8 25. Qb3+ Kh8 26. Kg1 Nxf3+ 27. gxf3 Rxf3 28. Bxg7+ Kxg7 29. Qc4 Rf1+ 30. Kg2 Qb7+ 31. Kh3 Qf3+ 32. Ng3 Rf5 33. Qc3+ Qxc3 34. Rxc3 R5f2 35. Nxf1 Rxf1 36. b4 Rf4 37. Rb3 e5 38. b5 e4 39. b6 Rf8 40. b7 Rb8 41. Nc4 d5 42. Ne5 e3 43. Kg2 d4 44. Kf3 Rf8+ 45. Ke2 Rf2+ 46. Ke1 d3 47. Nxd3 Rxh2 48. b8=Q Rh1+ 49. Ke2 1-0


[Site "https://www.chess.com"]

[Event "Titled Tuesday Blitz October 5 2021"]
[White "Vokhidov, Shamsiddin"]
[Black "Aggelis, Nikolaos"]
[WhiteFideId "14204223"]
[BlackFideId "4213220"]
[WhiteElo "2616"]
[BlackElo "2154"]
[Result "1/2-1/2"]
[Round "02"]
[TimeControl "180+1"]
[Date "2021.10.05"]
[WhiteClock "0:00:32"]
[BlackClock "0:00:19"]

1. e4 e5 2. Nf3 Nc6 3. Nc3 Nf6 4. Be2 d6 5. d4 exd4 6. Nxd4 Bd7 7. Bf4 g6 8. Qd2 Bg7 9. Nxc6 Bxc6 10. f3 O-O 11. O-O-O a6 12. Bh6 b5 13. Bxg7 Kxg7 14. g4 b4 15. Nd5 Nxd5 16. exd5 Bb5 17. Rhe1 Bxe2 18. Rxe2 Re8 19. Rxe8 Qxe8 20. Re1 Qb5 21. Qd4+ Kg8 22. b3 a5 23. h4 a4 24. h5 Re8 25. Rxe8+ Qxe8 26. Kd2 axb3 27. axb3 gxh5 28. gxh5 Qe7 29. Qe3 Qh4 30. h6 Kf8 31. Kd3 Qh1 32. Kc4 Qd1 33. Qe4 Qg1 34. Kxb4 Qc5+ 35. Ka4 Qa7+ 36. Kb5 Qc5+ 37. Ka4 Qa7+ 38. Kb4 Qc5+ 39. Ka4 1/2-1/2


[Site "https://www.chess.com"]

[Event "Titled Tuesday Blitz October 5 2021"]
[White "Vovk, Orest"]
[Black "Bilych, Olexiy"]
[WhiteFideId "14113490"]
[BlackFideId "14156504"]
[WhiteElo "2203"]
[BlackElo "2248"]
[Result "1-0"]
[Round "02"]
[TimeControl "180+1"]
[Date "2021.10.05"]
[WhiteClock "0:00:04"]
[BlackClock "0:00:05"]

1. h3 d5 2. e4 dxe4 3. Nc3 Nf6 4. Qe2 g6 5. Nxe4 Nxe4 6. Qxe4 Bg7 7. Qd3 O-O 8. Qxd8 Rxd8 9. Nf3 c5 10. Bc4 Nc6 11. d3 b6 12. a3 Bb7 13. O-O h6 14. Re1 e6 15. Rb1 Rac8 16. b4 Nd4 17. Nxd4 cxd4 18. Bf4 Bd5 19. Ba6 Rxc2 20. Rec1 Rc3 21. a4 Bf8 22. Be5 Ba2 23. Ra1 Rxc1+ 24. Rxc1 Rd5 25. Bf6 Rd7 26. Rc8 Bd5 27. Bb5 Rb7 28. Be5 f5 29. Be8 Kh7 30. Bc6 Bxc6 31. Rxf8 g5 32. Rf6 Bd5 33. g3 a5 34. b5 Bb3 35. h4 gxh4 36. gxh4 Rg7+ 37. Kf1 Bc2 38. Ke2 Re7 39. h5 Kg8 40. Rg6+ Kf7 41. Rxh6 Bxa4 42. Rh8 Re8 43. Rh7+ Kg8 44. Rb7 Bxb5 45. h6 1-0


[Site "https://www.chess.com"]

[Event "Titled Tuesday Blitz October 5 2021"]
[White "Wagner, Dennis"]
[Black "Gallo Garcia, Kemel Antonio"]
[WhiteFideId "24650684"]
[BlackFideId "3523896"]
[WhiteElo "2355"]
[BlackElo "2514"]
[Result "1-0"]
[Round "02"]
[TimeControl "180+1"]
[Date "2021.10.05"]
[WhiteClock "0:00:15"]
[BlackClock "0:00:03"]

1. d4 Nf6 2. c4 c5 3. d5 e6 4. Nc3 exd5 5. cxd5 d6 6. Nf3 g6 7. Bf4 Bg7 8. Qa4+ Bd7 9. Qb3 b5 10. e3 b4 11. Nb1 Bg4 12. Bb5+ Kf8 13. Nbd2 Bxf3 14. Nxf3 Nh5 15. Bg5 Bf6 16. Bh6+ Bg7 17. Bg5 Bf6 18. Bxf6 Nxf6 19. Nd2 a6 20. Ba4 Kg7 21. O-O Nbd7 22. Bc6 Ra7 23. Nc4 Nb6 24. Rfd1 Nxc4 25. Qxc4 Qe7 26. a3 Rb8 27. axb4 Rxb4 28. Qc3 a5 29. Ra2 Qc7 30. f3 Qb6 31. Rd3 a4 32. g4 Rb3 33. Qd2 c4 34. Rxb3 Qxb3 35. Ra3 Qb6 36. Qc3 g5 37. h4 h6 38. hxg5 hxg5 39. f4 Kg6 40. Qc2+ Kg7 41. fxg5 Nxg4 42. Qf5 Nxe3 43. Qf6+ Kg8 44. Qf2 Nxd5 45. Bxd5 Qxf2+ 46. Kxf2 Ra5 47. Bxc4 Kg7 48. b4 Rxg5 49. Rxa4 Kf6 50. b5 Ke7 51. b6 Kd8 52. Ra8+ Kd7 53. b7 Rf5+ 54. Ke3 Rb5 55. Bxb5+ 1-0


[Site "https://www.chess.com"]

[Event "Titled Tuesday Blitz October 5 2021"]
[White "Yoo, Christopher Woojin"]
[Black "Martinovici, Ilia"]
[WhiteFideId "30909694"]
[BlackFideId "13907034"]
[WhiteElo "2105"]
[BlackElo "2303"]
[Result "1-0"]
[Round "02"]
[TimeControl "180+1"]
[Date "2021.10.05"]
[WhiteClock "0:00:31"]
[BlackClock "0:00:05"]

1. d4 d5 2. c4 e6 3. Nc3 a6 4. cxd5 exd5 5. Nf3 c6 6. Bf4 Bd6 7. Bg3 Ne7 8. e3 Bf5 9. Bd3 Bxg3 10. hxg3 Nd7 11. b4 Nf6 12. O-O Qd6 13. Na4 Bxd3 14. Qxd3 Qxb4 15. Nc5 b5 16. Ne5 Qa5 17. a4 b4 18. g4 h6 19. f4 Qb6 20. g5 Ne4 21. Nxe4 dxe4 22. Qxe4 a5 23. g6 fxg6 24. Nxg6 Kf7 25. f5 Nxg6 26. Qe6+ Kf8 27. fxg6# 1-0


[Site "https://www.chess.com"]

[Event "Titled Tuesday Blitz October 5 2021"]
[White "ketster"]
[Black "Bordi, Kevin"]
[BlackFideId "621862"]
[WhiteElo "2541"]
[BlackElo "2817"]
[Result "0-1"]
[Round "02"]
[TimeControl "180+1"]
[Date "2021.10.05"]
[WhiteClock "0:00:10"]
[BlackClock "0:00:12"]

1. d4 Nf6 2. c4 c6 3. Nf3 d5 4. g3 Bf5 5. Nc3 e6 6. Nh4 Be4 7. f3 Bg6 8. Qb3 Qb6 9. c5 Qxb3 10. axb3 Nbd7 11. b4 e5 12. Nxg6 hxg6 13. e3 Be7 14. b5 O-O 15. Kf2 Rfe8 16. Bd2 Nh7 17. b4 Ng5 18. h4 Ne6 19. bxc6 bxc6 20. Ne2 f5 21. Bc3 Bf6 22. Ra6 Nc7 23. Rxc6 Nb5 24. dxe5 Bxe5 25. Bxe5 Nxe5 26. Nf4 Nxc6 27. Bxb5 Nxb4 28. Bxe8 Rxe8 29. Nxg6 Nd3+ 30. Ke2 Nxc5 31. Rd1 Na4 32. Kf2 Nb6 33. Nf4 Rd8 34. Ra1 Rd7 35. Ra5 Kf7 36. h5 Kf6 37. Ke2 Kg5 38. Kd3 Rb7 39. Kd4 Nc4 40. Rxd5 Nb6 41. Ne6+ Kf6 42. Nd8 Rc7 43. Rd6+ Ke7 44. Rg6 Kxd8 45. h6 gxh6 46. Rxh6 Nc8 47. Ke5 Ne7 48. Rh8+ Kd7 49. Rh7 a5 50. Rh6 Ra7 51. Rh2 a4 52. Ra2 Ra5+ 53. Kd4 Kd6 54. g4 fxg4 55. fxg4 Nd5 56. e4 Nb4 57. Rb2 a3 58. e5+ Ke7 59. Rxb4 a2 60. Rb7+ Kd8 61. Rb8+ Kc7 62. Rb7+ Kxb7 63. Kc4 a1=Q 64. Kd3 Qxe5 65. Kc4 Ra4+ 66. Kd3 Qg3+ 67. Kc2 Ra2+ 68. Kd1 Rh2 0-1


[Site "https://www.chess.com"]

[Event "Titled Tuesday Blitz October 5 2021"]
[White "volunteers1998"]
[Black "Yaksin, Oleg"]
[BlackFideId "24105880"]
[WhiteElo "2260"]
[BlackElo "2256"]
[Result "0-1"]
[Round "02"]
[TimeControl "180+1"]
[Date "2021.10.05"]
[WhiteClock "0:00:18"]
[BlackClock "0:00:43"]

1. e4 c5 2. Nf3 d6 3. d4 cxd4 4. Nxd4 Nf6 5. Nc3 Nc6 6. Be3 e6 7. Be2 Be7 8. O-O O-O 9. f4 e5 10. Nf5 Bxf5 11. exf5 exf4 12. Bxf4 d5 13. Qd2 d4 14. Nb5 Nd5 15. Rad1 Nxf4 16. Qxf4 Bg5 17. Qg3 Qf6 18. c3 Be3+ 19. Kh1 Rae8 20. cxd4 Nxd4 21. Nxd4 Bxd4 22. Bc4 Bxb2 23. Rd7 Re7 24. Rfd1 Rxd7 25. Rxd7 h6 26. Rxb7 Be5 27. Qg4 a5 28. h3 Bd6 29. Qd1 Qe5 30. Qg1 Qxf5 31. Qd4 Be5 32. Qd7 Qf4 33. g3 Qxg3 34. Rb2 Bxb2 0-1


[Site "https://www.chess.com"]

[Event "Titled Tuesday Blitz October 5 2021"]
[White "Abdusattorov, Nodirbek"]
[Black "Karolczuk, Iwo"]
[WhiteFideId "14204118"]
[BlackFideId "21816972"]
[WhiteElo "3003"]
[BlackElo "2718"]
[Result "1-0"]
[Round "03"]
[TimeControl "180+1"]
[Date "2021.10.05"]
[WhiteClock "0:00:59"]
[BlackClock "0:00:18"]

1. Nf3 Nf6 2. g3 g6 3. b3 Bg7 4. Bb2 O-O 5. Bg2 c5 6. c4 Nc6 7. O-O d6 8. d4 cxd4 9. Nxd4 Bd7 10. Nc3 Rc8 11. e3 Qa5 12. h3 Rfd8 13. Qe2 e5 14. Ndb5 Be6 15. Rfd1 Bf8 16. Nd5 Bxd5 17. Bxd5 a6 18. Nc3 Qc7 19. Bg2 Ne7 20. Rac1 Bg7 21. g4 h6 22. Rc2 Qb8 23. Rcd2 Bf8 24. Qf3 Bg7 25. Qxb7 h5 26. Qxb8 Rxb8 27. Rxd6 Rxd6 28. Rxd6 hxg4 29. hxg4 Nxg4 30. Rxa6 Nf5 31. c5 Rd8 32. Ra8 Rxa8 33. Bxa8 Kf8 34. b4 Ke7 35. b5 Kd7 36. b6 Ne7 37. a4 Nc6 38. Bxc6+ Kxc6 39. a5 e4 40. a6 Ne5 41. a7 Kb7 42. Nxe4 1-0


[Site "https://www.chess.com"]